Map: Blackpink LE

Players

Pain

  • Race: Terran Terran
  • Spawn Location: 1:00

A.I. 1 (Medium) - Winner!

  • Race: Zerg Zerg
  • Spawn Location: 7:00

VOD

Have the link to the VOD?

Description

Time

  • Played on: March 12, 2018, 3:06 a.m.
  • Length: 25:54
Show
View Real Time Build Order
Export as new Build Order

Pain Terran 

Build Orders:  

Get SALT Encoding   

  12  0:02  SCV  
  13  0:27  Supply Depot  
  13  0:29  SCV  
  14  0:41  SCV  
  15  0:52  Barracks  
  15  1:04  Barracks  
  15  1:15  SCV  
  16  1:27  SCV  
  17  1:36  Refinery  
  18  1:40  SCV  
  18  1:51  Supply Depot  
  18  1:52  SCV  
  19  2:06  Orbital Command  
  19  2:12  Marine  
  20  2:30  Marine  
  20  2:33  Command Center  
  21  2:48  Marine  
  22  3:02  Barracks Reactor  
  22  3:06  Marine  
  23  3:15  SCV  
  24  3:23  Marine  
  25  3:27  SCV  
  25  3:39  SCV  
  25  3:40  Marine x2  
  28  3:45  Barracks Tech Lab  
  28  3:53  Engineering Bay  
  28  3:57  Marine  
  28  3:58  Marine  
  30  4:05  Orbital Command  
  30  4:08  SCV  
  31  4:15  Marine x2  
  33  4:20  SCV  
  33  4:21  Supply Depot  
  34  4:32  SCV  
  34  4:33  Marine x2  
  38  4:44  SCV, Supply Depot  
  38  4:51  Marine x2  
  40  4:56  SCV  
  40  4:57  Factory  
  41  5:05  Refinery  
  41  5:09  SCV  
  42  5:18  Marauder  
  42  5:21  SCV  
  45  5:33  SCV  
  46  5:39  Marauder  
  48  5:45  SCV  
  34  5:55  Marine x2  
  36  6:00  Terran Infantry Weapons Level 1  
  36  6:01  Marauder  
  38  6:13  Marine x2  
  38  6:15  SCV  
  41  6:19  Refinery  
  41  6:20  Bunker  
  41  6:22  Marauder  
  41  6:23  SCV  
  44  6:27  SCV  
  44  6:31  Marine x2  
  47  6:35  SCV  
  47  6:39  SCV  
  49  6:43  Marauder  
  51  6:47  SCV  
  51  6:49  Marine x2  
  51  6:51  SCV  
  51  6:54  Factory  
  55  7:02  Starport  
  55  7:03  SCV  
  55  7:05  Marauder  
  58  7:26  Marauder  
  60  7:33  Sensor Tower  
  60  7:47  Hellion  
  62  7:54  Terran Infantry Armor Level 1  
  62  8:00  Factory Tech Lab  
  62  8:13  Refinery  
  62  8:18  Hellion  
  62  8:19  Stimpack  
  64  8:22  Supply Depot  
  64  8:28  Marine  
  64  8:29  Marine  
  64  8:31  Marauder  
  68  8:40  Hellion  
  70  8:45  Supply Depot  
  70  8:46  Marine x2  
  72  8:53  Marauder  
  74  8:57  Medivac  
  74  9:01  Hellion  
  78  9:04  Marine x2  
  78  9:07  Supply Depot  
  80  9:11  Armory  
  80  9:14  Marauder  
  82  9:22  Hellion, Marine x2  
  86  9:27  Medivac  
  88  9:36  Marauder  
  90  9:48  Building Armor  
  85  9:57  Medivac, Marauder  
  87  10:20  Combat Shields  
  87  10:37  Terran Vehicle Weapons Level 1  
  87  10:46  Marine x2  
  87  10:47  Starport  
  87  10:49  Marauder  
  91  10:55  Hellbat  
  93  11:01  Factory Reactor  
  93  11:04  Marine x2  
  93  11:10  Marauder  
  97  11:16  Hellbat  
  99  11:22  Marine x2  
  92  11:28  Terran Infantry Weapons Level 2  
  92  11:31  Marauder  
  84  11:37  Hellbat  
  84  11:39  Marine x2  
  73  11:53  Marauder  
  73  11:54  SCV  
  73  11:57  Marine x2  
  73  11:59  Hellbat  
  78  12:06  SCV, Starport Tech Lab  
  79  12:14  Starport Reactor, Marauder  
  79  12:15  Marine x2  
  82  12:20  Hellbat  
  85  12:31  Terran Vehicle And Ship Armor Level 1  
  85  12:33  Marine x2  
  87  12:41  Hellbat  
  89  12:45  Marauder  
  89  12:46  Concussive Shells  
  89  12:51  Marine x2  
  93  13:00  High Capacity Fuel Tanks  
  93  13:02  Medivac  
  93  13:03  Medivac, Hellbat  
  99  13:06  Marauder  
  99  13:08  Marine  
  102  13:13  Marine  
  103  13:24  Hellbat  
  103  13:26  Marine  
  108  13:27  Marauder  
  108  13:31  Marine  
  108  13:34  Hellbat x2  
  113  13:39  Unknown  
  110  13:43  Unknown, Terran Infantry Armor Level 2  
  110  13:44  Marine  
  110  13:46  Hellbat  
  107  13:49  Marauder, Marine  
  107  13:55  Hellbat x2  
  112  14:02  Marine  
  113  14:07  Marine  
  114  14:10  Marauder  
  114  14:16  Hellbat  
  114  14:17  Hellbat  
  120  14:22  Hellbat  
  122  14:25  Missile Turret, Terran Ship Weapons Level 1  
  122  14:29  Marine x2  
  124  14:32  Marauder  
  126  14:50  Supply Depot  
  126  15:02  Unknown  
  126  15:07  Marine x2  
  126  15:08  Hellbat x2  
  126  15:12  Supply Depot  
  88  15:20  Thor  
  92  15:25  Marine x2  
  94  15:29  Hellbat  
  94  15:30  Hellbat  
  94  15:34  Marauder  
  94  15:35  Supply Depot  
  100  15:43  Marine x2  
  102  15:50  Hellbat  
  102  15:51  Hellbat  
  102  15:55  Marauder  
  108  15:58  Supply Depot  
  108  16:00  Terran Infantry Weapons Level 3  
  108  16:03  Thor  
  114  16:11  Cyclone  
  114  16:12  Cyclone  
  114  16:17  Unknown, Marauder  
  122  16:19  Terran Vehicle Weapons Level 2  
  122  16:22  Supply Depot  
  122  16:38  Marauder  
  124  16:43  Cyclone  
  124  16:44  Cyclone  
  124  16:45  Command Center  
  124  16:46  Thor  
  124  16:47  Supply Depot  
  136  17:00  Marauder  
  138  17:29  Thor  
  142  17:32  Unknown  
  123  17:39  Unknown  
  110  17:46  Unknown  
  110  17:58  Marine x2  
  112  18:11  Orbital Command  
  112  18:12  Thor  
  118  18:16  Orbital Command  
  120  18:34  Terran Vehicle And Ship Armor Level 2  
  119  18:48  Marine x2  
  119  18:54  Thor  
  103  19:04  Unknown  
  103  19:05  Marine x2  
  103  19:06  Marine  
  106  19:23  Marine x2  
  106  19:24  Marine  
  106  19:37  Thor  
  110  19:41  Marine x3  
  112  19:52  Unknown  
  109  19:59  Marine x2  
  105  20:20  Thor  
  91  20:37  SCV x2  
  91  20:42  Unknown, Marine x3  
  88  20:48  Medivac  
  88  20:49  SCV x2  
  83  21:00  Marine x3  
  83  21:01  SCV x2  
  83  21:03  Thor  
  76  21:13  SCV  
  76  21:14  SCV  
  76  21:18  Marine x3  
  81  21:26  SCV x2  
  81  21:27  Refinery  
  81  21:28  Refinery  
  83  21:36  Marine x3  
  83  21:38  Terran Vehicle Weapons Level 3  
  86  21:46  Thor  
  92  21:54  Marine  
  93  22:18  Marine x2  
  95  22:28  Thor  
  95  22:29  Hellbat  
  105  22:30  Hellbat  
  105  22:36  Marine x2  
  105  22:37  Liberator  
  107  22:51  Hellbat x2  
  111  22:54  Marine x2  
  111  22:57  Medivac x2  
  120  23:04  Marauder  
  122  23:11  Thor  
  122  23:12  Hellbat x2, Marine x2  
  134  23:19  Liberator  
  134  23:24  Marine  
  135  23:34  Hellbat  
  142  23:41  Hellbat  
  142  23:42  Marine  
  143  23:54  Thor  
  143  23:55  Hellbat  
  151  24:02  Liberator, Hellbat  
  151  24:16  Hellbat  
  158  24:24  Hellbat  
  158  24:29  Unknown  
  148  24:37  Hellbat  
  148  24:38  Hellbat  
  134  24:44  Marine x2  
  134  24:45  Liberator, Hellbat  
  112  25:02  Marine x2  
  93  25:19  Marine  
  93  25:20  Marine  
  51  25:33  Marine  
Show
View Real Time Build Order
Export as new Build Order

A.I. 1 (Medium) Zerg - Winner!

Build Orders: Pool First 

Get SALT Encoding   

  12  0:00  Drone  
  13  0:12  Overlord  
  13  0:17  Drone  
  14  0:30  Drone  
  14  0:33  Drone  
  16  0:42  Spawning Pool  
  15  0:45  Drone  
  15  0:49  Drone  
  17  0:52  Extractor  
  17  0:55  Drone  
  17  1:06  Overlord  
  17  1:29  Queen  
  17  1:31  Zergling x2  
  20  1:35  Zergling x2, Roach Warren  
  20  1:37  Extractor  
  20  1:38  Drone  
  20  1:49  Drone  
  20  1:51  Baneling Nest  
  20  2:00  Drone  
  21  2:10  Drone  
  22  2:21  Zergling x2  
  23  2:32  Zergling x2  
  23  2:36  Baneling x2, Zergling x2, Overlord  
  25  2:40  Zergling x2  
  25  2:44  Zergling x2  
  27  2:54  Zergling x2  
  27  2:58  Baneling x2  
  28  3:05  Zergling x2  
  29  3:08  Evolution Chamber, Drone  
  29  3:09  Zergling x2  
  29  3:11  Drone  
  31  3:17  Drone  
  32  3:27  Overlord  
  32  3:38  Drone  
  34  3:41  Drone  
  34  3:44  Drone  
  34  3:47  Drone  
  36  5:03  Overlord, Lair, Roach, Drone  
  36  5:05  Spore Crawler  
  36  5:06  Drone  
  39  5:09  Drone  
  39  5:10  Spore Crawler  
  39  5:11  Drone  
  40  5:14  Roach  
  42  5:21  Overlord  
  42  5:26  Roach  
  44  5:34  Spine Crawler  
  43  5:37  Spine Crawler, Roach  
  43  5:39  Drone  
  41  5:49  Roach  
  37  6:00  Queen, Zergling x2, Overseer x2  
  40  6:04  Infestation Pit  
  40  6:05  Drone  
  40  6:08  Drone, Hydralisk Den  
  40  6:18  Spire  
  39  6:19  Drone  
  40  6:26  Evolution Chamber  
  40  6:27  Drone  
  40  6:36  Hydralisk  
  40  6:37  Hatchery  
  41  6:48  Hydralisk  
  41  6:50  Drone  
  44  6:59  Hydralisk  
  46  7:11  Hydralisk  
  48  7:50  Queen, Drone  
  51  7:53  Spore Crawler, Drone  
  51  7:55  Spore Crawler  
  51  7:56  Drone  
  51  7:57  Spore Crawler  
  50  7:58  Drone  
  50  8:01  Drone  
  50  8:04  Drone  
  53  8:07  Drone  
  53  8:10  Drone  
  55  8:13  Drone  
  55  8:16  Drone  
  55  8:18  Drone  
  55  8:19  Spine Crawler  
  57  8:21  Drone  
  57  8:22  Spine Crawler  
  57  8:24  Drone  
  58  8:27  Drone  
  58  8:30  Drone  
  58  8:31  Overlord  
  58  8:33  Drone  
  61  8:38  Drone  
  62  8:41  Drone  
  62  8:45  Drone  
  62  8:47  Drone  
  65  8:50  Drone  
  65  8:53  Drone  
  67  9:12  Overlord, Overseer, Pneumatized Carapace  
  67  9:13  Overlord x2, Roach  
  69  9:18  Zerg Melee Weapons Level 1  
  69  9:20  Roach  
  69  9:23  Zerg Ground Armor Level 1  
  71  9:27  Roach  
  73  9:31  Burrow  
  73  9:34  Roach  
  75  9:41  Infestor  
  77  9:49  Zergling x2  
  65  9:55  Hive  
  65  9:56  Roach  
  61  10:03  Roach  
  63  10:09  Hydralisk  
  65  10:16  Extractor  
  65  10:17  Hydralisk  
  65  10:20  Extractor  
  65  10:24  Roach  
  67  10:32  Roach  
  69  10:39  Roach  
  69  10:42  Drone  
  72  10:45  Hydralisk, Drone  
  75  10:52  Hydralisk  
  77  11:07  Greater Spire  
  77  11:08  Ultralisk Cavern  
  76  11:12  Zerg Missile Weapons Level 1  
  76  11:21  Zergling x2  
  76  11:27  Hatchery  
  76  11:28  Roach, Drone  
  68  11:33  Roach  
  68  11:34  Overseer  
  68  11:35  Infestor  
  64  11:43  Roach  
  60  11:50  Roach  
  62  11:57  Roach  
  64  12:04  Roach  
  66  12:11  Hydralisk  
  68  12:18  Hydralisk  
  68  12:19  Spire  
  68  12:21  Drone  
  70  12:26  Roach  
  72  12:33  Roach  
  74  12:40  Queen, Hydralisk, Drone  
  74  12:43  Drone  
  80  12:46  Drone  
  80  12:49  Drone  
  82  12:51  Extractor  
  82  12:52  Drone  
  82  12:54  Spore Crawler  
  82  12:55  Spore Crawler, Drone  
  82  12:57  Extractor, Drone  
  81  13:00  Drone  
  81  13:03  Overlord, Drone  
  81  13:04  Ultralisk  
  89  13:13  Ultralisk  
  95  13:22  Ultralisk, Overlord  
  101  13:36  Zergling x2  
  101  13:40  Overlord  
  97  13:43  Zerg Melee Weapons Level 2  
  97  13:44  Drone  
  97  13:45  Ultralisk  
  97  13:47  Drone  
  93  13:51  Overseer x2, Drone  
  93  13:54  Ultralisk  
  90  14:00  Overlord  
  90  14:03  Hydralisk  
  92  14:13  Ultralisk  
  98  14:18  Overlord, Drone  
  98  14:21  Hydralisk, Drone  
  103  14:24  Drone  
  103  14:27  Drone  
  103  14:28  Zerg Ground Armor Level 2  
  103  14:31  Hydralisk  
  104  14:36  Drone  
  104  14:37  Overlord  
  107  15:04  Zergling x2, Overlord  
  107  15:06  Overseer  
  107  15:14  Ultralisk  
  107  15:22  Spine Crawler  
  107  15:23  Drone  
  107  15:24  Spine Crawler  
  107  15:26  Drone  
  107  15:34  Zerg Flyer Weapons Level 1  
  107  15:58  Zerg Flyer Armor Level 1  
  107  15:59  Zerg Missile Weapons Level 2  
  107  16:39  Hatchery  
  106  16:44  Zerg Melee Weapons Level 3  
  106  16:56  Overlord, Roach  
  106  17:00  Roach  
  110  17:04  Roach  
  112  17:09  Roach  
  112  17:13  Roach  
  112  17:15  Overlord  
  116  17:18  Roach  
  116  17:21  Hydralisk  
  120  17:26  Hydralisk  
  120  17:29  Zerg Flyer Weapons Level 2  
  110  17:30  Infestor  
  110  17:35  Zergling x2  
  106  17:39  Ravager  
  106  17:40  Roach  
  106  17:43  Hydralisk  
  87  17:46  Overseer  
  87  17:48  Hydralisk  
  87  17:52  Hydralisk  
  87  17:53  Queen, Zerg Flyer Armor Level 2, Drone  
  87  17:56  Hydralisk  
  94  18:01  Ravager x2  
  94  18:02  Roach  
  94  18:04  Extractor  
  97  18:06  Drone  
  97  18:07  Roach  
  97  18:11  Ravager, Roach  
  103  18:13  Spore Crawler  
  103  18:14  Drone  
  103  18:15  Spore Crawler, Zerg Ground Armor Level 3  
  103  18:17  Drone  
  103  18:18  Extractor  
  102  18:20  Drone  
  103  18:39  Spine Crawler  
  103  18:40  Drone  
  101  18:42  Spine Crawler  
  101  18:43  Queen  
  101  18:44  Overseer, Drone  
  101  18:46  Spine Crawler  
  101  18:47  Zergling x2, Drone  
  103  18:51  Spine Crawler  
  103  18:52  Hydralisk, Drone  
  90  18:57  Roach  
  90  19:01  Hydralisk  
  70  19:04  Drone  
  70  19:05  Hydralisk  
  70  19:07  Spore Crawler  
  70  19:08  Drone  
  73  19:10  Roach  
  73  19:12  Overseer  
  73  19:13  Drone  
  73  19:14  Roach  
  77  19:18  Hydralisk  
  77  19:21  Overlord, Overseer, Zerg Missile Weapons Level 3  
  77  19:23  Infestor  
  81  19:28  Roach  
  81  19:30  Drone  
  82  19:32  Hydralisk  
  82  19:35  Drone  
  82  19:37  Roach  
  82  19:38  Drone  
  76  19:40  Overlord  
  76  19:41  Overseer, Roach  
  76  19:45  Hydralisk  
  76  19:50  Zergling x2  
  77  19:54  Roach  
  77  19:58  Overlord, Hydralisk, Drone  
  74  20:01  Drone  
  74  20:03  Hydralisk  
  74  20:04  Drone  
  74  20:05  Hatchery  
  70  20:07  Spine Crawler, Drone  
  70  20:08  Roach  
  70  20:10  Spine Crawler, Drone  
  70  20:12  Roach  
  70  20:13  Spine Crawler, Drone  
  67  20:16  Roach, Drone  
  67  20:19  Hydralisk, Drone  
  72  20:23  Extractor, Hydralisk  
  72  20:27  Roach  
  71  20:29  Extractor  
  71  20:30  Hydralisk  
  71  20:34  Roach  
  74  20:38  Zergling x2  
  74  20:42  Roach  
  75  20:45  Roach  
  75  20:49  Roach  
  79  20:52  Roach  
  79  20:56  Overlord, Roach  
  83  20:59  Overseer  
  83  21:00  Roach  
  83  21:03  Roach  
  79  21:07  Roach  
  79  21:11  Roach  
  79  21:14  Roach  
  79  21:16  Hatchery  
  79  21:17  Hydralisk  
  82  21:21  Roach  
  82  21:25  Roach  
  86  21:29  Roach  
  86  21:32  Roach  
  90  21:36  Roach  
  90  21:39  Overlord, Hydralisk  
  94  21:42  Hydralisk  
  94  21:46  Hydralisk  
  98  21:50  Infestor, Drone  
  98  21:53  Drone  
  102  21:56  Drone  
  102  21:59  Overlord, Drone  
  104  22:02  Drone  
  104  22:05  Drone  
  104  22:08  Drone  
  107  22:09  Spore Crawler  
  107  22:10  Drone  
  107  22:13  Drone  
  107  22:14  Spore Crawler  
  107  22:16  Drone  
  107  22:19  Drone  
  107  22:20  Overlord  
  109  22:29  Queen  
  111  22:38  Spine Crawler  
  111  22:39  Drone  
  111  22:42  Spine Crawler  
  111  22:43  Drone  
  111  23:54  Overlord  
  111  23:55  Ultralisk  
  117  24:04  Ultralisk  
  123  24:13  Ultralisk, Overlord  
  129  24:23  Ultralisk  
  135  24:31  Overlord  
  135  24:32  Ultralisk, Queen  
  136  24:39  Spine Crawler, Hatchery  
  136  24:40  Drone  
  136  24:42  Ultralisk, Spine Crawler  
  136  24:43  Drone  
  131  24:46  Spore Crawler, Drone  
  131  24:49  Drone  
  131  24:51  Zergling x2  
  131  24:52  Drone  
  132  24:54  Drone  
  132  24:57  Drone  
  132  25:00  Drone  
  132  25:03  Drone  
  132  25:06  Drone  
  134  25:09  Drone  
  129  25:14  Ultralisk  
  102  25:31  Hatchery  
Tags
 
Matchup
TvZ
Opening
Pool First
Replay Pack
RP
Spawn Locations
Cross Positions
Add a new tag
Caveats
  • Supply blocks, unpowered buildings, or Contaminate may cause inaccurate times.
  • Supply counts are checked every 10 seconds.